 Dungeon Crawl Stone Soup version 0.24.0-13-gcf9b3192b9 (webtiles) character file.

Game seed: 18158949597367305906, levelgen mode: deterministic

1110 Matador8 the Cutter (level 8, -2/41 HPs)
             Began as a Vampire Necromancer on Nov 5, 2019.
             Was an Initiate of Ru.
             Killed by divine providence
             ... invoked by an orc priest
              (10 damage)
             ... on level 6 of the Dungeon.
             The game lasted 00:22:22 (4878 turns).

Matador8 the Cutter (Vampire Necromancer)           Turns: 4878, Time: 00:22:23

Health: -2/41      AC:  4    Str:  8    XL:     8   Next: 11%
Magic:  10/12      EV: 13    Int: 18    God:    Ru [......]
Gold:   206        SH:  0    Dex: 19    Spells: 4/12 levels left

rFire    . . .     SeeInvis +   b - +1 short sword (venom)
rCold    + + .     Gourm    .   (no shield)
rNeg     + + +     Faith    .   a - +0 robe
rPois    ∞         Spirit   .   v - +1 hat
rElec    .         Reflect  .   (no cloak)
rCorr    .         Harm     .   (no gloves)
MR       +....                  w - +0 pair of boots
Stlth    +++++.....             (no amulet)
HPRegen  0.00/turn              l - +4 ring of dexterity
MPRegen  0.13/turn              m - ring of protection from magic

@: bloodless, regenerating quickly
A: no food, fangs 3, see invisible, unbreathing
a: Bat Form, Revivify, Renounce Religion


You were on level 6 of the Dungeon.
You worshipped Ru.
Ru was noncommittal.
You were bloodless.

You visited 2 branches of the dungeon, and saw 7 of its levels.

You collected 206 gold pieces.

Inventory:

Hand Weapons
 b - a +1 short sword of venom (weapon)
 p - a +1 dagger of flaming
Armour
 a - a +0 robe (worn)
 n - a +0 leather armour
 v - a +1 hat (worn)
 w - a +0 pair of boots (worn)
Jewellery
 l - a +4 ring of dexterity (left hand)
 m - a ring of protection from magic (right hand)
Scrolls
 c - a scroll of fear
 d - a scroll of identify
 e - 3 scrolls of teleportation
 g - 2 scrolls of remove curse
 h - a scroll of amnesia {unknown}
 j - a scroll of magic mapping {unknown}
 q - 3 scrolls of enchant armour {unknown}
 r - a scroll of immolation {unknown}
 s - a scroll of enchant weapon {unknown}
 u - 3 scrolls of blinking {unknown}
Potions
 f - 2 potions of heal wounds {unknown}
 i - 2 potions of magic {unknown}
 k - 2 potions of flight {unknown}
 o - 2 potions of mutation {unknown}
 t - 2 potions of curing {unknown}
 x - a potion of invisibility {unknown}


   Skills:
 * Level 7.6 Short Blades
 - Level 2.1 Dodging
 - Level 5.0 Stealth
 - Level 2.8 Spellcasting
 - Level 3.0 Charms
 - Level 6.5 Necromancy


You had 4 spell levels left.
You knew the following spells:

 Your Spells              Type           Power        Failure   Level  Hunger
a - Pain                  Necr           ####         1%          1    N/A
b - Animate Skeleton      Necr           N/A          1%          1    N/A
c - Vampiric Draining     Necr           ####......   3%          3    N/A
d - Regeneration          Chrm/Necr      ###.......   7%          3    N/A

Your spell library contained the following spells:

 Spells                   Type           Power        Failure   Level  Hunger
 Animate Dead             Necr           N/A          11%         4    N/A
 Poisonous Vapours        Pois/Air       #.....       26%         2    N/A
 Conjure Flame            Conj/Fire      #.......     45%         3    N/A
 Mephitic Cloud           Conj/Pois/Air  #.......     45%         3    N/A
 Freezing Cloud           Conj/Ice/Air   #.........   100%        6    N/A
 Ring of Flames           Chrm/Fire      #.........   100%        7    N/A

Dungeon Overview and Level Annotations

Branches:
Dungeon (6/15)             Temple (1/1) D:5

Altars:
Ashenzari
Cheibriados
Dithmenos
Fedhas
Gozag
Hepliaklqana
Nemelex Xobeh
Okawaru
Qazlal
Ru
Sif Muna
Trog
Vehumet
Wu Jian
The Shining One

Annotations:
D:5 1 runed translucent door, TheWoodenMan's ghost, novice MiFi


Innate Abilities, Weirdness & Mutations

You do not eat.
You do not regenerate when monsters are visible.
You are frail without blood (-20% HP).
You can heal yourself when you bite living creatures.
You are immune to poison.
You have razor-sharp teeth.
You have supernaturally acute eyesight. (SInv)
You can survive without breathing.


Message History

Casting: Animate Skeleton (safe; 1% risk of failure)
Confirm with . or Enter, or press ? or * to list all spells.
Aiming: Pain (safe; 1% risk of failure)
Press: ? - help, Shift-Dir - straight line, f - orc wizard
Aim: an orc wizard, wielding a -3 dagger and wearing a +0 robe (chance to defeat MR: 84%)
The orc wizard barely resists.
The orc wizard gestures at you while chanting.
The magic dart hits you.
Casting: Pain (safe; 1% risk of failure)
Confirm with . or Enter, or press ? or * to list all spells.
Aiming: Pain (safe; 1% risk of failure)
Press: ? - help, Shift-Dir - straight line, f/p - orc wizard
Aim: an orc wizard, wielding a -3 dagger and wearing a +0 robe (chance to defeat MR: 84%)
The orc wizard writhes in agony.
The orc priest invokes the aid of Beogh against you.
Beogh smites you!
* * * LOW HITPOINT WARNING * * *
The orc priest invokes the aid of Beogh against you.
Beogh smites you!
You die...

#.####.##....##....
#.#..#.##...o.....#+#+#
#.#..........##.....o..
#.#....###...##........
#.#....# #..o##....o...
#.#....# ##..##........
#......# #...+........
####...#####.##........
#.......@.####......
#..#####..# ......
#..#####..# .....
#<....##..# .....
##..####..# ....
........# ....
#.......# #########


You could see an orc priest and an orc wizard.

Vanquished Creatures
  A phantom (D:5)
  2 ogres
  A centaur (D:3)
  2 scorpions (D:4)
  2 centaur zombies
  A howler monkey (D:4)
  A crimson imp (D:5)
  An orc priest (D:5)
  A bullfrog zombie (D:6)
  A jelly (D:5)
  A centaur skeleton (D:5)
  A hound (D:4)
  An orc wizard (D:5)
  An iguana (D:5)
  A worker ant (D:5)
  Natasha (D:2)
  3 hound skeletons (D:4)
  A worker ant zombie (D:4)
  7 adders
  2 gnolls (D:4)
  4 oozes
  An adder zombie (D:4)
  2 adder skeletons
  2 worms (D:2)
  6 leopard geckos
  10 orcs
  3 ball pythons
  7 bats
  4 giant cockroaches
  6 goblins
  5 hobgoblins
  5 jackals
  3 quokkas
  6 frilled lizards
  A giant cockroach zombie (D:4)
  A jackal zombie (D:4)
  5 kobolds (D:2)
  A leopard gecko zombie (D:4)
  4 rats
108 creatures vanquished.

Vanquished Creatures (collateral kills)
  A hound skeleton (D:4)
  A gnoll (D:4)
  2 adder skeletons
  2 hobgoblins (D:1)
  A jackal (D:2)
  A ball python (D:3)
  A bat (D:1)
  A frilled lizard (D:1)
  A rat (D:1)
11 creatures vanquished.

Grand Total: 119 creatures vanquished

Notes
Turn   | Place    | Note
-------+----------+-------------------------------------------
     0 | D:1      | Matador8 the Vampire Necromancer began the quest for the
                  | Orb.
     0 | D:1      | Reached XP level 1. HP: 13/13 MP: 3/3
     2 | D:1      | Learned a level 1 spell: Animate Skeleton
    98 | D:1      | Reached XP level 2. HP: 12/19 MP: 5/5
   559 | D:2      | Found a blossoming altar of Fedhas.
   638 | D:2      | Reached skill level 5 in Necromancy
   638 | D:2      | Reached XP level 3. HP: 4/24 MP: 4/7
   797 | D:2      | Learned a level 3 spell: Vampiric Draining
  1182 | D:2      | Reached skill level 1 in Short Blades
  1250 | D:2      | Found a bloodstained altar of Trog.
  1368 | D:2      | Reached XP level 4. HP: 24/24 MP: 8/8
  1445 | D:2      | Noticed Natasha
  1452 | D:2      | Killed Natasha
  1524 | D:2      | Reached skill level 2 in Short Blades
  1816 | D:3      | Noticed a centaur
  1826 | D:3      | Killed a centaur
  1826 | D:3      | Reached skill level 3 in Short Blades
  1826 | D:3      | Reached XP level 5. HP: 11/28 MP: 0/9
  2040 | D:3      | Learned a level 3 spell: Regeneration
  2841 | D:4      | Reached skill level 1 in Charms
  2841 | D:4      | Reached XP level 6. HP: 19/32 MP: 10/10
  3002 | D:4      | Reached skill level 5 in Stealth
  3075 | D:4      | Reached skill level 4 in Short Blades
  3254 | D:4      | Reached skill level 5 in Short Blades
  3352 | D:4      | Reached XP level 7. HP: 27/36 MP: 1/11
  3947 | D:5      | Entered Level 5 of the Dungeon
  4040 | D:5      | Found a staircase to the Ecumenical Temple.
  4045 | D:5      | Reached skill level 6 in Short Blades
  4058 | Temple   | Entered the Ecumenical Temple
  4114 | Temple   | Became a worshipper of Ru the Awakened
  4227 | D:5      | Reached skill level 7 in Short Blades
  4330 | D:5      | Found an opulent altar of Gozag.
  4335 | D:5      | Reached XP level 8. HP: 28/41 MP: 12/12
  4596 | D:5      | Found a runed translucent door.
  4597 | D:5      | Noticed TheWoodenMan's ghost (novice MiFi)
  4878 | D:6      | Killed from afar by an orc priest

Levels and vault maps discovered:
D:1:      nzn_arrival_crosshair, layout_rooms, serial_aquarium,
          aquarium_bridge_long_separate [aquarium_subvault_wall,
          aquarium_subvault_bridge, aquarium_subvault_bridge,
          aquarium_subvault_wall, aquarium_subvault_bridge,
          aquarium_subvault_bridge], aquarium_window_2, aquarium_window_2,
          aquarium_view_2d, aquarium_view_2c, aquarium_balcony_1b,
          corexii_corridor_pit
D:2:      layout_loops_ring, fedhas_altar_3, lemuel_coloured_pillars_altar,
          uniq_natasha
D:3:      layout_basic
D:4:      layout_cave_pods, serial_undead, serial_undead_d, serial_undead_a,
          serial_undead_b, serial_undead_d, serial_undead_b, first_ration
D:5:      layout_basic, old_standard_altar, minmay_temple_entry_mini_moons,
          hellmonk_ghost_happy_afterlife, minmay_misc_feat_ornament,
          kennysheep_generic_room_13
D:6:      layout_basic, old_standard_altar, xom_butterflies,
          serial_corexii_hall, chequers_hall_statues_corner_a,
          corexii_hall_statues_i
Temple:   chequers_temple_sunken

Skill      XL: |  1  2  3  4  5  6  7 |
---------------+----------------------+-----
Necromancy     | 5 6 |  6.5
Short Blades   | 1 3 5 7 |  7.6
Stealth        | 4 5 |  5.0
Charms         | 1 2 3 |  3.0
Dodging        | |  2.1
Spellcasting   | |  2.8

Action                   |  1- 3 |  4- 6 |  7- 9 || total
-------------------------+-------+-------+-------++-------
Melee: Short sword       |    79 |   110 |    84 ||   273
       Bite              |     3 |     9 |     7 ||    19
 Cast: Pain              |    10 |    21 |     5 ||    36
       Animate Skeleton  |     9 |    14 |     7 ||    30
       Vampiric Draining |     1 |     5 |     4 ||    10
 Abil: Exsanguinate      |     1 |       |       ||     1
  Use: Scroll            |       |       |     3 ||     3
 Stab: Sleeping          |     4 |    22 |    11 ||    37
       Distracted        |       |     1 |       ||     1
Armor: Robe              |    19 |    13 |    12 ||    44
Dodge: Dodged            |    59 |    50 |    52 ||   161
